 Dungeon Crawl Stone Soup version 0.21.1-1-g345015f (webtiles) character file.

545 tidbits the Insei (level 7, -1/52 HPs)
             Began as a Gnoll Transmuter on Feb 14, 2018.
             Was an Initiate of Cheibriados.
             Slain by a sky beast (3 damage)
             ... on level 5 of the Dungeon.
             The game lasted 00:08:40 (978 turns).

tidbits the Insei (Gnoll Transmuter)                 Turns: 978, Time: 00:08:40

Health: -1/52      AC:  2    Str: 13    XL:     7   Next: 27%
Magic:  5/15       EV: 15    Int: 18    God:    Cheibriados [......]
Gold:   112        SH:  0    Dex: 17    Spells: 11/17 levels left

rFire    . . .     SeeInvis .     - Unarmed
rCold    . . .     Gourm    .   (no shield)
rNeg     . . .     Faith    .   b - +0 robe
rPois    .         Spirit   .   (no helmet)
rElec    .         Reflect  .   (no cloak)
rCorr    .         Harm     .   (no gloves)
MR       .....                  (no boots)
Stlth    ++........             (no amulet)
HPRegen  0.17/turn              (no ring)
MPRegen  0.14/turn              (no ring)

@: very slightly contaminated, very slow
A: distributed training, fangs 1, strong nose
a: Bend Time, Renounce Religion


You were on level 5 of the Dungeon.
You worshipped Cheibriados.
Cheibriados was noncommittal.
You were not hungry.

You visited 2 branches of the dungeon, and saw 6 of its levels.

You collected 169 gold pieces.
You spent 57 gold pieces at shops.

Inventory:

Hand Weapons
 f - a +3 flail of protection
   (You found it on level 2 of the Dungeon)
 g - a +0 short sword
 j - a +0 dagger
Missiles
 a - 47 arrows
 e - 39 stones (quivered)
 l - 3 tomahawks of returning
Armour
 b - a +0 robe (worn)
Scrolls
 h - 2 scrolls of remove curse
 i - a scroll of identify
 n - a scroll of teleportation
Books
 d - a book of Changes

   Spells                             Type                      Level
   a - Beastly Appendage              Transmutation                1
   b - Sticks to Snakes               Transmutation                2
   c - Spider Form                    Transmutation/Poison         3
   d - Ice Form                       Ice/Transmutation            4
   e - Blade Hands                    Transmutation                5
Comestibles
 c - 2 rations


   Skills:
 + Level 3.5 Fighting
 + Level 2.3 Short Blades
 + Level 2.3 Long Blades
 + Level 2.3 Axes
 + Level 2.3 Maces & Flails
 + Level 2.3 Polearms
 + Level 2.3 Staves
 + Level 2.3 Slings
 + Level 2.3 Bows
 + Level 2.3 Crossbows
 + Level 2.3 Throwing
 + Level 2.3 Armour
 + Level 5.1 Dodging
 + Level 2.3 Stealth
 + Level 2.3 Shields
 + Level 7.0 Unarmed Combat
 + Level 5.5 Spellcasting
 + Level 1.9 Conjurations
 + Level 1.9 Hexes
 + Level 1.9 Charms
 + Level 1.9 Summonings
 + Level 1.9 Necromancy
 + Level 1.9 Translocations
 + Level 4.2 Transmutations
 + Level 1.9 Fire Magic
 + Level 1.9 Ice Magic
 + Level 1.9 Air Magic
 + Level 1.9 Earth Magic
 + Level 1.9 Poison Magic
 + Level 2.5 Invocations
 + Level 2.3 Evocations


You had 11 spell levels left.
You knew the following spells:

 Your Spells              Type           Power        Failure   Level  Hunger
e - Beastly Appendage     Tmut           ###...       2%          1    None
k - Sticks to Snakes      Tmut           ###.....     3%          2    None
p - Spider Form           Tmut/Pois      ###.......   11%         3    ##.....


Dungeon Overview and Level Annotations

Branches:
Dungeon (5/15)             Temple (1/1) D:5

Altars:
Cheibriados
Nemelex Xobeh
Wu Jian
Xom
Yredelemnul

Shops:
D:5 *


Innate Abilities, Weirdness & Mutations

Your experience applies equally to all skills.
You have very sharp teeth.
Your uncanny sense of smell can sniff out nearby items.


Message History

The howler monkey completely misses you.
You bite the howler monkey!
You kill the howler monkey!
Cheibriados appreciates the change of pace.
You have reached level 7!
Casting: Spider Form
Confirm with . or Enter, or press ? or * to list all spells.
You create a snake!
You now have 48 arrows.
The sky beast completely misses you.
Your ball python bites the sky beast.
The centaur wields a shortbow.
The centaur shoots an arrow.
The arrow misses your ball python. The arrow hits you.
A centaur comes into view. It is wielding a shortbow.
You see here an arrow.
You hit the sky beast but do no damage.
The sky beast is lightly wounded.
The sky beast completely misses you.
Your ball python closely misses the sky beast.
The centaur shoots an arrow.
The arrow hits your ball python!
Your ball python dies!
You hit the sky beast.
The sky beast is lightly wounded.
The sky beast misses you.
The centaur shoots an arrow.
The arrow closely misses you.
Your transformation has ended.
Your +0 robe unmelds from your body.
The sky beast misses you.
The centaur unwields an uncursed shortbow.
The centaur hits you.
You see here an arrow.
You hit the centaur.
The centaur is lightly wounded.
The sky beast barely misses you. The centaur hits you.
Casting: Sticks to Snakes
Confirm with . or Enter, or press ? or * to list all spells.
You turn into a venomous arachnid creature.
Your +0 robe melds into your body.
The centaur completely misses you. The sky beast barely misses you.
You bite the centaur!
The centaur looks as sick as possible!
The centaur is severely wounded.
The centaur barely misses you. The sky beast closely misses you.
The centaur misses you.
You hit the centaur.
You kill the centaur!
Cheibriados thoroughly appreciates the change of pace.
Your Unarmed Combat skill increases to level 7!
The sky beast completely misses you.
Casting: Spider Form
Confirm with . or Enter, or press ? or * to list all spells.
You miscast Sticks to Snakes.
You are very lightly contaminated with residual magic.
Your skin glows momentarily.
The sky beast completely misses you.
Casting: Sticks to Snakes
Confirm with . or Enter, or press ? or * to list all spells.
You miscast Sticks to Snakes.
Nothing appears to happen.
The sky beast completely misses you.
Casting: Sticks to Snakes
Confirm with . or Enter, or press ? or * to list all spells.
You create a snake!
You now have 47 arrows.
The sky beast hits you. The sky beast shocks you.
* * * LOW HITPOINT WARNING * * *
You hit the sky beast.
The sky beast is moderately wounded.
The sky beast hits you.
* * * LOW HITPOINT WARNING * * *
The sky beast shocks you.
* * * LOW HITPOINT WARNING * * *
You hit the sky beast.
The sky beast is heavily wounded.
The sky beast barely misses you.
You aren't carrying any potions.
Unknown command.
You hit the sky beast.
The sky beast is poisoned.
The sky beast is heavily wounded.
Your adder closely misses the sky beast.
The sky beast hits you.
* * * LOW HITPOINT WARNING * * *
The sky beast shocks you.
* * * LOW HITPOINT WARNING * * *
You hit the sky beast.
The sky beast is severely wounded.
Your adder bites the sky beast.
The sky beast flickers out of sight!
Something hits your adder. Something shocks your adder.
Something hits your adder. Something shocks your adder.
Your adder dies!
Your transformation is almost over.
Something misses you. Something hits you.
* * * LOW HITPOINT WARNING * * *
Something shocks you.
* * * LOW HITPOINT WARNING * * *
Unknown command.
You aren't carrying any potions.
Unknown command.
There is an open door, spattered with blood here.
Things that are here:
a short sword; a chain mail; 2 chunks of flesh Your transformation has ended.
Your +0 robe unmelds from your body.
Something hits you.
You die...

#.#....[...........###'##
#.#......................
#.#####.########.........
#.# #.## #......... #..
#..## #.........
#.####8>8######.........
#..##.........#.........
##.##.§.......#.........
∆ #..#).@.≈≈.≈≈#.........
+ ##.##)#.≈#+#≈..........
.. #.##.#..'∩'..#########


.hl #.##.##≈#+#≈.# .... #..#.##≈≈.≈≈.# ..... ##.#.####....# ......#####.#.#
###### ......'..).(..# ......#####(..# There were no monsters in sight!

Vanquished Creatures
  A sky beast (D:5)
  A centaur (D:5)
  A bullfrog (D:3)
  2 howler monkeys (D:5)
  A crimson imp (D:5)
  An orc priest (D:5)
  An iguana (D:5)
  An orc wizard (D:2)
  3 gnolls (D:4)
  An adder (D:5)
  9 orcs
  2 bats
  5 goblins
  2 hobgoblins
  11 jackals
  A frilled lizard (D:2)
  4 kobolds
  A rat (D:3)
48 creatures vanquished.

Vanquished Creatures (collateral kills)
  2 orc wizards
2 creatures vanquished.

Grand Total: 50 creatures vanquished

Notes
Turn   | Place    | Note
-------+----------+-------------------------------------------
     0 | D:1      | tidbits the Gnoll Transmuter began the quest for the Orb.
     0 | D:1      | Reached XP level 1. HP: 17/17 MP: 6/6
   123 | D:1      | Reached XP level 2. HP: 13/23 MP: 5/7
   127 | D:1      | Learned a level 2 spell: Sticks to Snakes
   319 | D:3      | Noticed a bullfrog
   325 | D:3      | Killed a bullfrog
   325 | D:3      | Reached skill level 1 in Short Blades
   325 | D:3      | Reached skill level 1 in Long Blades
   325 | D:3      | Reached skill level 1 in Axes
   325 | D:3      | Reached skill level 1 in Maces & Flails
   325 | D:3      | Reached skill level 1 in Polearms
   325 | D:3      | Reached skill level 1 in Staves
   325 | D:3      | Reached skill level 1 in Slings
   325 | D:3      | Reached skill level 1 in Bows
   325 | D:3      | Reached skill level 1 in Crossbows
   325 | D:3      | Reached skill level 1 in Throwing
   325 | D:3      | Reached skill level 1 in Armour
   325 | D:3      | Reached skill level 1 in Stealth
   325 | D:3      | Reached skill level 1 in Shields
   325 | D:3      | Reached skill level 5 in Spellcasting
   325 | D:3      | Reached skill level 1 in Invocations
   325 | D:3      | Reached skill level 1 in Evocations
   325 | D:3      | Reached XP level 3. HP: 28/28 MP: 2/9
   325 | D:3      | Reached XP level 4. HP: 34/34 MP: 2/11
   330 | D:3      | Learned a level 3 spell: Spider Form
   361 | D:2      | Reached skill level 1 in Conjurations
   361 | D:2      | Reached skill level 1 in Hexes
   361 | D:2      | Reached skill level 1 in Charms
   361 | D:2      | Reached skill level 1 in Summonings
   361 | D:2      | Reached skill level 1 in Necromancy
   361 | D:2      | Reached skill level 1 in Translocations
   361 | D:2      | Reached skill level 1 in Fire Magic
   361 | D:2      | Reached skill level 1 in Ice Magic
   361 | D:2      | Reached skill level 1 in Air Magic
   361 | D:2      | Reached skill level 1 in Earth Magic
   361 | D:2      | Reached skill level 1 in Poison Magic
   432 | D:3      | Reached XP level 5. HP: 34/40 MP: 10/12
   557 | D:4      | Reached skill level 3 in Fighting
   558 | D:4      | Reached skill level 4 in Transmutations
   572 | D:5      | Entered Level 5 of the Dungeon
   715 | D:5      | Noticed a sky beast
   716 | D:5      | Found a staircase to the Ecumenical Temple.
   718 | D:5      | Found Haluumyu's Assorted Antiques.
   721 | D:5      | Bought a bubbling inky potion for 27 gold pieces
   721 | D:5      | Bought a scroll labeled ODIFAI HAMEUCS for 30 gold pieces
   746 | D:5      | Killed a sky beast
   746 | D:5      | Reached skill level 2 in Invocations
   746 | D:5      | Reached XP level 6. HP: 29/47 MP: 10/14
   761 | Temple   | Entered the Ecumenical Temple
   798 | Temple   | Became a worshipper of Cheibriados the Contemplative
   846 | D:5      | Reached skill level 2 in Short Blades
   846 | D:5      | Reached skill level 2 in Long Blades
   846 | D:5      | Reached skill level 2 in Axes
   846 | D:5      | Reached skill level 2 in Maces & Flails
   846 | D:5      | Reached skill level 2 in Polearms
   846 | D:5      | Reached skill level 2 in Staves
   846 | D:5      | Reached skill level 2 in Slings
   846 | D:5      | Reached skill level 2 in Bows
   846 | D:5      | Reached skill level 2 in Crossbows
   846 | D:5      | Reached skill level 2 in Throwing
   846 | D:5      | Reached skill level 2 in Armour
   846 | D:5      | Reached skill level 5 in Dodging
   846 | D:5      | Reached skill level 2 in Stealth
   846 | D:5      | Reached skill level 2 in Shields
   846 | D:5      | Reached skill level 2 in Evocations
   952 | D:5      | Noticed a sky beast
   953 | D:5      | Reached XP level 7. HP: 34/52 MP: 12/15
   962 | D:5      | Reached skill level 7 in Unarmed Combat
   976 | D:5      | HP: 2/52 [something (5)]
   978 | D:5      | Slain by a sky beast

Skill      XL: |  1  2  3  4  5  6  7 |
---------------+----------------------+-----
Short Blades   | 1 2 |  2.3
Long Blades    | 1 2 |  2.3
Axes           | 1 2 |  2.3
Maces & Flails | 1 2 |  2.3
Polearms       | 1 2 |  2.3
Staves         | 1 2 |  2.3
Slings         | 1 2 |  2.3
Bows           | 1 2 |  2.3
Crossbows      | 1 2 |  2.3
Throwing       | 1 2 |  2.3
Armour         | 1 2 |  2.3
Stealth        | 1 2 |  2.3
Shields        | 1 2 |  2.3
Spellcasting   | 5 |  5.5
Invocations    | 1 2 |  2.5
Evocations     | 1 2 |  2.3
Conjurations   | 1 |  1.9
Hexes          | 1 |  1.9
Charms         | 1 |  1.9
Summonings     | 1 |  1.9
Necromancy     | 1 |  1.9
Translocations | 1 |  1.9
Fire Magic     | 1 |  1.9
Ice Magic      | 1 |  1.9
Air Magic      | 1 |  1.9
Earth Magic    | 1 |  1.9
Poison Magic   | 1 |  1.9
Fighting       | 3 |  3.5
Transmutations | 4 |  4.2
Dodging        | 5 |  5.1
Unarmed Combat | 7 |  7.0

Action                   |  1- 3 |  4- 6 |  7- 9 || total
-------------------------+-------+-------+-------++-------
Melee: Unarmed           |    20 |    24 |     9 ||    53
       Headbutt          |     2 |     1 |       ||     3
       Flail             |    16 |    64 |       ||    80
       Bite              |     2 |     3 |       ||     5
       Kick              |       |    11 |       ||    11
       Punch             |       |     1 |       ||     1
Throw: Stone             |       |     1 |       ||     1
 Cast: Beastly Appendage |     8 |     7 |       ||    15
       Sticks to Snakes  |     2 |     6 |     2 ||    10
       Spider Form       |       |     2 |     1 ||     3
  Use: Scroll            |       |     6 |       ||     6
       Potion            |       |     2 |       ||     2
  Eat: Chunk             |       |     1 |       ||     1
Armor: Robe              |     6 |    17 |       ||    23
       Skin              |       |     1 |       ||     1
Dodge: Dodged            |    19 |    71 |    16 ||   106

Table legend:
 A = Turns spent in this place as a percentage of turns spent in the entire game.
 B = Non-inter-level travel turns spent in this place as a percentage of non-inter-level travel turns spent in the entire game.
 C = Inter-level travel turns spent in this place as a percentage of turns spent in this place.
 D = Turns resting spent in this place as a percentage of non-inter-level travel turns spent in this place.
 E = Turns spent auto-exploring this place as a percentage of non-inter-level travel turns spent in this place.
 F = Non-inter-level travel turns spent in this place divided by the number of levels of this place that you've seen.
                   A       B       C       D       E      F
               +-------+-------+-------+-------+-------+----------------------
         Total | 100.0 | 100.0 |   3.3 |   0.0 |   0.0 | 157.7
       Dungeon |  92.7 |  95.9 |   0.0 |   0.0 |   0.0 | 181.4
        Temple |   7.3 |   4.1 |  45.1 |   0.0 |   0.0 |  39.0
               +-------+-------+-------+-------+-------+----------------------

Table legend:
 A = Kills in this place as a percentage of kills in entire the game.
 B = Kills by you in this place as a percentage of kills by you in the entire game.
 C = Kills by friends in this place as a percentage of kills by friends in the entire game.
 D = Other kills in this place as a percentage of other kills in the entire game.
 E = Experience gained in this place as a percentage of experience gained in the entire game.
 F = Experience gained in this place divided by the number of levels of this place that you have seen.
                   A       B       C       D       E      F
               +-------+-------+-------+-------+-------+----------------------
         Total | 100.0 | 100.0 | 100.0 |   N/A | 100.0 | 129.8
       Dungeon | 100.0 | 100.0 | 100.0 |   N/A | 100.0 | 155.8
               +-------+-------+-------+-------+-------+----------------------

Vault maps used:
D:1:      lemuel_arrival_cross
D:2:      tgw_trog
D:3:      uniq_sigmund
D:4:      kennysheep_little_box, nicolae_gozag_cash_rules_everything_around_me
D:5:      temple_statues, serial_shops, kennysheep_mini_moat, first_ration,
          lemuel_statue_altar
Temple:   minmay_temple_curvy_loop
